 Dungeon Crawl Stone Soup version 0.28.0-53-g5a82cb258f (webtiles) character file.

Game seed: 3442665781952966588

12 Asher535 the Digger (level 2, 0/15 HPs)
             Began as a Gargoyle Earth Elementalist on July 28, 2022.
             Slain by a quokka (1 damage)
             ... on level 1 of the Dungeon.
             The game lasted 00:02:10 (469 turns).

Asher535 the Digger (Gargoyle Earth Elementalist)    Turns: 469, Time: 00:02:11

Health: 0/15       AC:  4    Str: 11    XL:     2   Next: 33%
Magic:  1/5        EV: 12    Int: 15    God:
Gold:   0          SH:  0    Dex: 10    Spells: 4/5 levels left

rFire   . . .      SeeInvis .   a - +0 dagger
rCold   . . .      Faith    .   (no shield)
rNeg    + . .      Spirit   .   b - +0 robe
rPois   ∞          Reflect  .   (no helmet)
rElec   +          Harm     .   (no cloak)
rCorr   .          Rampage  .   (no gloves)
Will    .....                   (no boots)
Stlth   ++........              (no amulet)
HPRegen 0.05/turn               (no ring)
MPRegen 0.09/turn               (no ring)

@: no status effects
A: sickness immunity, AC +2, negative energy resistance 1, electricity
resistance, torment resistance 1, petrification resistance
a: no special abilities


You were on level 1 of the Dungeon.
You visited 1 branch of the dungeon, and saw 1 of its levels.

Inventory:

Hand Weapons
 a - a +0 dagger (weapon)
Missiles
 c - 19 stones
Armour
 b - a +0 robe (worn)


   Skills:
 + Level 0.2 Fighting
 + Level 1.7 Dodging
 + Level 2.1 Stealth
 + Level 2.1 Spellcasting
 + Level 0.7 Transmutations
 + Level 4.2 Earth Magic


You had 4 spell levels left.
You knew the following spells:

 Your Spells              Type           Power      Damage    Failure   Level
a - Sandblast             Erth           28%        2d8       4%          1

Your spell library contained the following spells:

 Spells                   Type           Power      Damage    Failure   Level
 Passwall                 Tmut/Erth      6%         N/A       12%         2
 Stone Arrow              Conj/Erth      14%        3d7       28%         3
 Petrify                  Tmut/Erth      8%         N/A       63%         4


Dungeon Overview and Level Annotations

Branches:
Dungeon (1/15)

Altars:


Innate Abilities, Weirdness & Mutations

You are immune to sickness and miasma.
Your stone body is resilient. (AC +2)
You are immune to poison.
You resist negative energy. (rN+)
You are resistant to electric shocks. (rElec)
You are resistant to unholy torment.
You are immune to petrification.


Message History

You barely miss the jackal. Your punch misses the jackal.
The jackal is almost dead.
The jackal closely misses you. The quokka bites you.
You miss the jackal.
The jackal is almost dead.
The jackal completely misses you. The quokka misses you.
Your magical contamination has completely faded away.
You barely miss the jackal.
The jackal is almost dead.
The jackal bites you but does no damage.
The quokka misses you. The jackal closely misses you.
You closely miss the jackal.
The jackal is almost dead.
The quokka closely misses you.
The jackal bites you but does no damage.
You closely miss the jackal.
The jackal is almost dead.
The jackal bites you but does no damage.
The quokka bites you. The jackal bites you. The quokka closely misses you.
You hit the jackal but do no damage.
The jackal is almost dead.
The jackal bites you but does no damage.
The quokka bites you but does no damage.
You hit the jackal.
You kill the jackal!
The quokka closely misses you.
You see here a ball python skeleton.
The quokka misses you. The quokka bites you.
Casting: Sandblast (safe; 4% risk of failure)
Confirm with . or Enter, or press ? or * to list all spells.
Aiming: Sandblast (safe; 4% risk of failure)
Press: ? - help, Shift-Dir - straight line, f - quokka
Aim: a quokka (71% to hit)
The blast of sand hits the quokka.
The quokka is severely wounded.
The quokka bites you.
* * * LOW HITPOINT WARNING * * *
You see here a +0 club.
The quokka bites you.
You die...

### +.# #.# #.# #.#
#.# ..# #########
..!.# #.# #.......#
....# #.#######
#....@..# ....#
#.......# #....r..#
.... #######.#
####.#..# ..# ##.#
##..##)##..#
##..#####..###.#†..#
#......##.## #÷..#
#>####..#÷# ##..#
#.. ##.#.# #..#
...######†#.######.#


You could see a quokka.

Vanquished Creatures
  2 goblins (D:1)
  A hobgoblin (D:1)
  3 jackals (D:1)
  3 ball pythons (D:1)
  A frilled lizard (D:1)
10 creatures vanquished.

Vanquished Creatures (others)
  A fungus (D:1)
1 creature vanquished.

Grand Total: 11 creatures vanquished

Notes
Turn   | Place    | Note
-------+----------+-------------------------------------------
     0 | D:1      | Asher535 the Gargoyle Earth Elementalist began the quest
                  | for the Orb.
     0 | D:1      | Reached XP level 1. HP: 10/10 MP: 3/3
   228 | D:1      | Reached skill level 4 in Earth Magic
   228 | D:1      | Reached XP level 2. HP: 4/15 MP: 1/5
   469 | D:1      | Slain by a quokka

Illustrated notes

Levels and vault maps discovered:
D:1:      tarquinn_simple_flora_water_f, layout_rooms, grunt_decor_resistance,
          minmay_pentomino_p4

Skill      XL: |  1 |
---------------+----+-----
Earth Magic    | 4 |  4.2
Fighting       | |  0.2
Dodging        | |  1.7
Stealth        | |  2.1
Spellcasting   | |  2.1
Transmutations | |  0.7

Action                   || total
-------------------------++-------
Melee: Unarmed           ||     9
       Dagger            ||    16
 Cast: Sandblast         ||    11
 Stab: Sleeping          ||     1
Armor: Robe              ||    15
Dodge: Dodged            ||    29
